[Event "UZB-ch Women 2021"]
[Site "Tashkent"]
[Date "2021.04.17"]
[Round "1.2"]
[White "Malikova, Marjona"]
[Black "Abdusattorova, Bakhora"]
[Result "1/2-1/2"]
[ECO "E35"]
[WhiteElo "1651"]
[BlackElo "2078"]
[Annotator "NA"]
[PlyCount "100"]
[EventDate "2021.04.17"]
[EventType "tourn"]
[EventCountry "UZB"]
[SourceVersionDate "2021.04.17"]
[TimeControl "5400+30"]

1. d4 Nf6 2. c4 e6 3. Nc3 Bb4 4. Qc2 d5 5. cxd5 exd5 6. Bg5 h6 7. Bh4 Nc6 8. e3 g5 9. Bg3 Qe7 10. Bb5 Bd7 11. Nge2 a6 12. Bxc6 Bxc6 13. Be5 Rg8 14. Qf5 Rg6 15. h4 Bd7 16. Qc2 c6 17. hxg5 Rxg5 18. Rxh6 Ng8 19. Rh8 O-O-O 20. O-O-O Bf5 21. Qb3 Rxg2 22. Na4 Bd6 23. Bxd6 Qxd6 24. Nc5 Qc7 25. Rf1 Re8 26. Nf4 Rg4 27. Nfd3 Nf6 28. Rxe8+ Nxe8 29. Qd1 Qa5 30. Ne5 Rh4 31. Qb3 Qc7 32. Rg1 Rh8 33. Qd1 f6 34. Qf3 Nd6 35. Ng4 Qa5 36. e4 dxe4 37. Qf4 Rd8 38. Nxf6 Qxa2 39. Rg5 Qc4+ 40. Kb1 Bh3 41. Qg3 Qf1+ 42. Ka2 Nb5 43. Rg7 Qc4+ 44. Kb1 Bf5 45. Qe5 Bh3 46. Rxb7 Qf1+ 47. Ka2 Qc4+ 48. Kb1 Qf1+ 49. Ka2 Qc4+ 50. Kb1 Qf1+ 1/2-1/2

[Event "UZB-ch Women 2021"]
[Site "Tashkent"]
[Date "2021.04.17"]
[Round "1.3"]
[White "Saparova, Sitora"]
[Black "Salimova, Asal"]
[Result "0-1"]
[ECO "C54"]
[WhiteElo "2017"]
[BlackElo "1815"]
[Annotator "NA"]
[PlyCount "54"]
[EventDate "2021.04.17"]
[EventType "tourn"]
[EventCountry "UZB"]
[SourceVersionDate "2021.04.17"]
[TimeControl "5400+30"]

1. e4 e5 2. Nf3 Nc6 3. Bc4 Bc5 4. c3 Nf6 5. d4 exd4 6. e5 d5 7. Bb5 Ne4 8. cxd4 Bb6 9. O-O Bg4 10. Be3 O-O 11. Bxc6 bxc6 12. Nc3 f6 13. Ne2 Qe8 14. a4 fxe5 15. Nxe5 Bxe2 16. Qxe2 c5 17. dxc5 Qxe5 18. cxb6 axb6 19. b4 Nxf2 20. Rac1 Ne4 21. Rxf8+ Rxf8 22. Qd3 Nf6 23. Rf1 Ng4 24. Rxf8+ Kxf8 25. Qf1+ Kg8 26. Bf4 Qd4+ 27. Kh1 Nf2+ 0-1

[Event "UZB-ch Women 2021"]
[Site "Tashkent"]
[Date "2021.04.17"]
[Round "1.4"]
[White "Omonova, Umida"]
[Black "Shokirjonova, Barchinoy"]
[Result "1-0"]
[ECO "C07"]
[WhiteElo "2008"]
[BlackElo "1594"]
[Annotator "NA"]
[PlyCount "97"]
[EventDate "2021.04.17"]
[EventType "tourn"]
[EventCountry "UZB"]
[SourceVersionDate "2021.04.17"]
[TimeControl "5400+30"]

1. e4 e6 2. d4 d5 3. Nd2 c5 4. exd5 Qxd5 5. Ngf3 cxd4 6. Bc4 Qd6 7. O-O Nf6 8. Nb3 Nc6 9. Nbxd4 Nxd4 10. Nxd4 a6 11. Re1 Qc7 12. Bf1 Bd6 13. Nf5 Bxh2+ 14. Kh1 Kf8 15. Qd4 exf5 16. Qxf6 h6 17. Qd4 Bd6 18. Bc4 Bc5 19. Qd5 Kg8 20. Bf4 Qxf4 21. Qxc5 Bd7 22. Bxf7+ Kh7 23. Rad1 Rhc8 24. Qe5 Qxe5 25. Rxe5 Bb5 26. Be6 Re8 27. Bxf5+ g6 28. Rxe8 Rxe8 29. Bg4 Bc6 30. Rd2 h5 31. Be2 Kh6 32. Kg1 Re5 33. f3 Kg7 34. Kf2 g5 35. c4 a5 36. b3 Kf7 37. a3 Ke7 38. Rd4 h4 39. b4 b6 40. Bd3 Ke6 41. Rd8 axb4 42. axb4 b5 43. c5 Ke7 44. Rd6 Re6 45. Rd4 Kf6 46. Rd8 Ke5 47. Rb8 Rf6 48. Bxb5 Bd5 49. Ke3 1-0

[Event "UZB-ch Women 2021"]
[Site "Tashkent"]
[Date "2021.04.17"]
[Round "1.5"]
[White "Semenova, Irina"]
[Black "Orazmukhammedova, Makhim"]
[Result "1-0"]
[ECO "D46"]
[WhiteElo "2188"]
[BlackElo "1898"]
[Annotator "NA"]
[PlyCount "81"]
[EventDate "2021.04.17"]
[EventType "tourn"]
[EventCountry "UZB"]
[SourceVersionDate "2021.04.17"]
[TimeControl "5400+30"]

1. d4 d5 2. c4 c6 3. Nc3 Nf6 4. Nf3 e6 5. e3 Nbd7 6. Qc2 Be7 7. b3 O-O 8. Bd3 Re8 9. O-O Bd6 10. Bb2 h6 11. h3 b6 12. e4 dxe4 13. Nxe4 Nxe4 14. Bxe4 Bb7 15. Ne5 Qc7 16. Nxd7 Qxd7 17. Rad1 Rad8 18. c5 Bb8 19. b4 Qc7 20. g3 a5 21. a3 axb4 22. axb4 bxc5 23. bxc5 Ba6 24. Rfe1 Bb5 25. Qc3 f5 26. Bf3 Qf7 27. Ra1 h5 28. h4 e5 29. Qb4 e4 30. Bd1 Kh7 31. Bb3 Qg6 32. Qc3 f4 33. Bc2 fxg3 34. f3 Bd3 35. fxe4 Bxe4 36. Rxe4 Rxe4 37. Qf3 Rde8 38. Rf1 Qg4 39. Qxg4 hxg4 40. Re1 g6 41. Bxe4 1-0

[Event "UZB-ch Women 2021"]
[Site "Tashkent"]
[Date "2021.04.20"]
[Round "2.2"]
[White "Salimova, Asal"]
[Black "Omonova, Umida"]
[Result "0-1"]
[ECO "D02"]
[WhiteElo "1815"]
[BlackElo "2008"]
[Annotator "NA RC"]
[PlyCount "158"]
[EventDate "2021.04.17"]
[EventType "tourn"]
[EventCountry "UZB"]
[SourceTitle "playchess.com"]
[Source "ChessBase"]
[SourceQuality "1"]
[TimeControl "5400+30"]

1. d4 d5 2. Bf4 Nf6 3. e3 c5 4. Nf3 Nc6 5. Nbd2 Bg4 6. h3 Bxf3 7. Nxf3 e6 8. c3 Bd6 9. Bb5 Bxf4 10. exf4 Qb6 11. Qa4 O-O 12. dxc5 Qxc5 13. O-O Ne7 14. Bd3 a6 15. Rfe1 Rfd8 16. Rad1 Ng6 17. f5 exf5 18. Bxf5 Re8 19. Bxg6 hxg6 20. Qd4 Qb5 21. Qd2 Rad8 22. Nd4 Qc4 23. a3 Qc7 24. Rxe8+ Rxe8 25. Re1 Ne4 26. Qe3 Qb6 27. Re2 Nd6 28. Qd2 Rxe2 29. Qxe2 Kf8 30. Qc2 Nc4 31. b3 Nxa3 32. Qd2 Nb5 33. Ne2 Qc5 34. Qf4 Qc7 35. Qh4 Kg8 36. Qg5 Qd6 37. Qe3 Qe6 38. Qd2 g5 39. h4 gxh4 40. Nf4 Qh6 41. Qe3 Nxc3 42. Qxc3 Qxf4 43. Qc8+ Kh7 44. Qxb7 Qf5 45. b4 d4 46. Qxa6 Qb1+ 47. Qf1 Qxb4 48. Qd3+ Kh6 49. Qe4 g5 50. Qe5 Kg6 51. Qe4+ Kg7 52. Qe5+ f6 53. Qc7+ Kg6 54. Qc2+ Kh6 55. Qe4 Qd6 56. Qe8 Kg7 57. Qc8 d3 58. Qb7+ Kh6 59. Qc8 d2 60. Qh8+ Kg6 61. Qg8+ Kf5 62. Qc8+ Ke5 63. Qe8+ Kf4 64. Qa4+ Ke5 65. Qe8+ Kd4 66. Qa4+ Kc3 67. Qa1+ Kd3 68. Qb1+ Kd4 69. Qb2+ Ke4 70. Qb1+ Qd3 71. Qb7+ Qd5 72. Qe7+ Kd3 73. Qa3+ Kc2 74. Qa4+ Qb3 75. Qc6+ Kb1 76. Qe4+ Kc1 77. Qc6+ Qc2 78. Qxf6 d1=Q+ 79. Kh2 Qc7+ 0-1

[Event "UZB-ch Women 2021"]
[Site "Tashkent"]
[Date "2021.04.20"]
[Round "4.1"]
[White "Salimova, Asal"]
[Black "Orazmukhammedova, Makhim"]
[Result "1-0"]
[ECO "D02"]
[WhiteElo "1815"]
[BlackElo "1898"]
[Annotator "NA RC"]
[PlyCount "51"]
[EventDate "2021.04.17"]
[EventType "tourn"]
[EventCountry "UZB"]
[SourceTitle "playchess.com"]
[Source "ChessBase"]
[SourceQuality "1"]
[TimeControl "5400+30"]

1. d4 d5 2. Bf4 c5 3. e3 Nc6 4. Nf3 Nf6 5. Nbd2 Bf5 6. dxc5 e6 7. Nb3 Nd7 8. Nfd4 Bg6 9. Nb5 e5 10. Bg3 Nb4 11. Na3 f6 12. c3 Nc6 13. Qxd5 Nxc5 14. Qxd8+ Rxd8 15. Nxc5 Bxc5 16. Nb1 Ke7 17. Nd2 Nb4 18. cxb4 Bxb4 19. O-O-O Rc8+ 20. Nc4 b5 21. a3 Ba5 22. Rd5 Bf7 23. Rxb5 Bxc4 24. Bxc4 Rxc4+ 25. Kb1 Rhc8 26. Rxa5 1-0

[Event "UZB-ch Women 2021"]
[Site "Tashkent"]
[Date "2021.04.21"]
[Round "5.4"]
[White "Shokirjonova, Barchinoy"]
[Black "Salimova, Asal"]
[Result "0-1"]
[ECO "A40"]
[WhiteElo "1594"]
[BlackElo "1815"]
[Annotator "NA RC"]
[PlyCount "92"]
[EventDate "2021.04.17"]
[EventType "tourn"]
[EventCountry "UZB"]
[SourceTitle "playchess.com"]
[Source "ChessBase"]
[SourceQuality "1"]
[TimeControl "5400+30"]

1. d4 g6 2. Nf3 Bg7 3. c4 c5 4. d5 d6 5. Nc3 Bxc3+ 6. bxc3 f5 7. h4 Nf6 8. g3 Qa5 9. Bd2 Nbd7 10. e3 Nb6 11. h5 Rg8 12. hxg6 hxg6 13. Bd3 Bd7 14. Ng5 O-O-O 15. Qf3 Qa6 16. O-O Nbxd5 17. Qe2 Nb6 18. f3 Bc6 19. e4 fxe4 20. fxe4 Nbd7 21. Bf4 Nh5 22. Nf7 Nxf4 23. Rxf4 Rdf8 24. Raf1 Qa5 25. Qd2 Qc7 26. Qe2 Kb8 27. R1f2 (27. e5 $17 {was called for.}) 27... a6 28. g4 Ka7 29. g5 Rb8 30. Qf1 b5 31. cxb5 Bxb5 32. a4 Bxd3 33. Qxd3 Rb3 34. Qc4 Rgb8 35. Qe6 Nf8 36. Qc4 Rb1+ 37. Kg2 R1b2 38. Nh8 Rxf2+ (38... Qc8 $142 39. Rh4 Ne6) 39. Rxf2 $19 Qd7 40. Kg3 Ne6 41. Nf7 Ng7 42. Qd5 Nh5+ 43. Kh4 Rb1 44. e5 Qxa4+ 45. c4 Rd1 46. Qe4 Rd4 0-1

[Event "UZB-ch Women 2021"]
[Site "Tashkent"]
[Date "2021.04.23"]
[Round "7.3"]
[White "Shokirjonova, Barchinoy"]
[Black "Khegay, Yuliya"]
[Result "1/2-1/2"]
[ECO "D26"]
[WhiteElo "1594"]
[BlackElo "1913"]
[Annotator "NA RC"]
[PlyCount "79"]
[EventDate "2021.04.17"]
[EventType "tourn"]
[EventCountry "UZB"]
[SourceTitle "playchess.com"]
[Source "ChessBase"]
[SourceQuality "1"]
[TimeControl "5400+30"]

1. d4 d5 2. c4 dxc4 3. Nf3 Nf6 4. e3 e6 5. Bxc4 a6 6. Be2 {[%emt 0:01:24] D26: Queen's Gambit Accepted: 4 e3 e6 5 Bxc5 c5 sidelines.} Be7 7. Nbd2 Nbd7 8. b3 {[%emt 0:02:12] The position is equal.} O-O 9. O-O b5 10. Bb2 Bb7 11. a4 b4 12. Rc1 {[%emt 0:01:39] [#]} Rc8 $146 ({Predecessor:} 12... c5 13. dxc5 Bxc5 14. Ne5 Rc8 15. Nxd7 Qxd7 16. Bxf6 gxf6 17. Nc4 Qxd1 18. Rfxd1 Bd5 {½-½ (82) Aronian,L (2781)-Harikrishna,P (2732) chess24.com INT 2020}) 13. Ne5 c5 14. Bf3 Bxf3 15. Qxf3 Nd5 {[%emt 0:27:31] Weighted Error Value: White=0.06/Black=0.07} 16. Nxd7 Qxd7 17. Nc4 Qd8 18. e4 Nb6 19. dxc5 Nxc4 20. Rxc4 Rxc5 21. Rxc5 Bxc5 22. Qg4 g6 23. Rd1 Qe7 24. Qf3 Rd8 25. g3 Kf8 26. Rxd8+ Qxd8 27. Qf4 Bd4 28. Qd2 e5 29. Qxb4+ Ke8 30. Ba3 Qf6 31. Qd2 Qf3 32. Qc2 Kd7 33. Bc1 h5 34. b4 h4 35. gxh4 Qg4+ 36. Kf1 Qh3+ 37. Kg1 Qg4+ 38. Kf1 Qh3+ 39. Kg1 Qg4+ 40. Kf1 1/2-1/2

[Event "UZB-ch Women 2021"]
[Site "Tashkent"]
[Date "2021.04.24"]
[Round "8.1"]
[White "Khegay, Yuliya"]
[Black "Salimova, Asal"]
[Result "0-1"]
[ECO "B15"]
[WhiteElo "1913"]
[BlackElo "1815"]
[Annotator "RC"]
[PlyCount "102"]
[EventDate "2021.04.17"]
[EventType "tourn"]
[EventCountry "UZB"]
[SourceTitle "playchess.com"]
[Source "ChessBase"]
[SourceQuality "1"]
[TimeControl "5400+30"]

1. e4 g6 2. d4 Bg7 3. Nf3 c6 4. Nc3 d5 5. h3 h6 6. exd5 cxd5 7. Bf4 a6 8. Bd3 Nc6 9. Be2 Bf5 10. a3 Be4 11. Be3 e6 12. O-O Bxf3 13. Bxf3 Nge7 14. Ne2 Nf5 15. c3 Nh4 16. Nf4 Nxf3+ 17. Qxf3 Qf6 18. Qe2 O-O 19. Nd3 Rfc8 20. Qd2 Kh7 21. Nc5 b6 22. Nb3 Ne7 23. Bf4 Rc6 24. Rfe1 Nc8 25. Qe3 Nd6 26. Bxd6 Rxd6 27. Nc1 Rc6 28. Nd3 Bf8 29. Ne5 Rc7 30. Rad1 Bd6 31. Nd3 Rac8 32. f4 b5 33. Rf1 a5 34. Rd2 b4 35. axb4 axb4 36. cxb4 Rc4 37. Ne5 Rxb4 38. g4 Re8 39. Kg2 Qg7 40. Qc3 f6 41. Nf3 Rc4 42. Qe3 Qc7 43. Ne1 Re7 44. Rff2 Bb4 45. Rd3 Rc1 46. Nf3 Rc2 47. Ne1 Rxf2+ 48. Kxf2 e5 49. fxe5 fxe5 50. Ng2 exd4 51. Qg3 Bd6 0-1

[Event "UZB-ch Women 2021"]
[Site "Tashkent"]
[Date "2021.04.25"]
[Round "9.1"]
[White "Semenova, Irina"]
[Black "Saparova, Sitora"]
[Result "1-0"]
[ECO "A39"]
[WhiteElo "2188"]
[BlackElo "2017"]
[Annotator "ChessBase"]
[PlyCount "75"]
[EventDate "2021.04.17"]
[EventType "tourn"]
[EventCountry "UZB"]
[SourceTitle "playchess.com"]
[Source "ChessBase"]
[SourceQuality "1"]
[TimeControl "5400+30"]

1. Nf3 Nf6 2. c4 c5 3. Nc3 Nc6 4. g3 g6 5. d4 cxd4 6. Nxd4 Bg7 7. Bg2 O-O 8. O-O Qa5 9. Nb3 Qd8 10. c5 b6 11. cxb6 axb6 12. h3 Bb7 13. Be3 d6 14. Qd2 Na5 15. Bxb7 Nxb7 16. Nd4 Nc5 17. Kh2 Qd7 18. Rfd1 Na4 19. Nxa4 Rxa4 20. Qd3 Ra5 21. Kg2 Rh5 22. Rh1 e5 23. Nb3 Qb7+ 24. Kg1 Ng4 25. Rd1 Rd8 26. Qd5 Qxd5 27. Rxd5 Nxe3 28. fxe3 Bh6 29. e4 f5 30. Kg2 Bf8 31. Rc1 Rg5 32. Nd2 fxe4 33. g4 Bh6 34. Rf1 e3 35. Ne4 Rc8 36. Rxd6 Rc2 37. Rd8+ Kg7 38. Rd5 1-0

[Event "UZB-ch Women 2021"]
[Site "Tashkent"]
[Date "2021.04.25"]
[Round "9.2"]
[White "Orazmukhammedova, Makhim"]
[Black "Malikova, Marjona"]
[Result "0-1"]
[ECO "E93"]
[WhiteElo "1898"]
[BlackElo "1651"]
[Annotator "NA"]
[PlyCount "72"]
[EventDate "2021.04.17"]
[EventType "tourn"]
[EventCountry "UZB"]
[SourceTitle "playchess.com"]
[Source "ChessBase"]
[SourceQuality "1"]
[TimeControl "5400+30"]

1. d4 Nf6 2. c4 g6 3. Nc3 Bg7 4. e4 d6 5. Be2 O-O 6. Bg5 h6 7. Bh4 Nbd7 8. Nf3 e5 9. d5 g5 10. Bg3 Nc5 11. Nd2 a5 12. O-O Nh7 13. Bg4 f5 14. exf5 Bxf5 15. Bxf5 Rxf5 16. Nde4 (16. f3 $16) 16... Nxe4 17. Nxe4 Nf6 18. Qc2 Nxe4 19. Qxe4 Qf6 20. f3 h5 21. h3 Rf8 $11 22. Rae1 Bh6 23. b3 Rf7 24. a3 g4 25. hxg4 hxg4 26. Qxg4+ Rg7 27. Bh4 Qf7 28. Qh3 Bf4 29. Kf2 Rh5 30. Qc8+ Kh7 31. g3 Qg6 32. Rg1 Qc2+ 33. Re2 Qd3 34. Qh3 Qd4+ 35. Kf1 Be3 36. Rgg2 Qd1+ 0-1

[Event "UZB-ch Women 2021"]
[Site "Tashkent"]
[Date "2021.04.25"]
[Round "9.3"]
[White "Salimova, Asal"]
[Black "Yakubbaeva, Nilufar"]
[Result "0-1"]
[ECO "B20"]
[WhiteElo "1815"]
[BlackElo "2275"]
[Annotator "ChessBase"]
[PlyCount "98"]
[EventDate "2021.04.17"]
[EventType "tourn"]
[EventCountry "UZB"]
[SourceTitle "playchess.com"]
[Source "ChessBase"]
[SourceQuality "1"]
[TimeControl "5400+30"]

1. e4 c5 2. Nf3 Nc6 3. g3 d5 4. exd5 Qxd5 5. Nc3 Qe6+ 6. Qe2 Qxe2+ 7. Bxe2 e5 8. Nd5 Bd6 9. b3 Nge7 10. Nxe7 Kxe7 11. Bb2 f6 12. O-O-O Be6 13. Rde1 Kf7 14. d3 Bd5 15. Rhf1 Nd4 16. Nd2 Bc7 17. Bh5+ g6 18. Bd1 Rad8 19. f3 h5 20. Rf2 h4 21. g4 g5 22. Nf1 Ba5 23. c3 Ne6 24. Kc2 Nf4 25. Re3 Bc6 26. c4 Rd7 27. Bc3 Bxc3 28. Kxc3 Rhd8 29. Be2 h3 30. Ng3 Ng2 31. Nf5 Nxe3 32. Nxe3 b5 33. Bf1 b4+ 34. Kc2 a5 35. Nd1 a4 36. Nb2 axb3+ 37. axb3 Ra7 38. Bxh3 Ra1 39. Bf1 Rda8 40. Be2 R8a2 41. Bf1 Re1 42. Be2 Rea1 43. Bf1 Re1 44. Be2 Ke6 45. h3 Rh1 46. Bf1 Ra1 47. Nd1 Bxf3 48. Rxf3 Rh2+ 49. Rf2 Ra2+ 0-1

[Event "UZB-ch Women 2021"]
[Site "Tashkent"]
[Date "2021.04.25"]
[Round "9.4"]
[White "Abdusattorova, Bakhora"]
[Black "Khegay, Yuliya"]
[Result "1-0"]
[ECO "D04"]
[WhiteElo "2078"]
[BlackElo "1913"]
[Annotator "ChessBase"]
[PlyCount "93"]
[EventDate "2021.04.17"]
[EventType "tourn"]
[EventCountry "UZB"]
[SourceTitle "playchess.com"]
[Source "ChessBase"]
[SourceQuality "1"]
[TimeControl "5400+30"]

1. d4 d5 2. Nf3 Nf6 3. e3 c5 4. Bd3 Nc6 5. O-O Bg4 6. c3 e6 7. Nbd2 Be7 8. b3 O-O 9. Bb2 Rc8 10. Rc1 cxd4 11. exd4 Bd6 12. Re1 Bf4 13. Ra1 Qc7 14. Nf1 e5 15. dxe5 Nxe5 16. Be2 Rfe8 17. Nd4 Bxe2 18. Nxe2 Bh6 19. Neg3 Ng6 20. Qd4 Bf4 21. Rxe8+ Rxe8 22. Qxa7 Bd6 23. Qa4 Qc8 24. c4 Be5 25. Bxe5 Rxe5 26. cxd5 Nxd5 27. Qd4 Qc6 28. f3 h6 29. Rd1 Ndf4 30. Qf2 Nh4 31. Ne4 Nhxg2 32. Kh1 f5 33. Qb2 Rd5 34. Rc1 Qd7 35. Nc5 Qb5 36. Ne6 Nxe6 37. Qxg2 Nf4 38. Qc2 Nd3 39. Rb1 Rc5 40. Qd2 Ne5 41. Qe3 Qc6 42. Nd2 Qd5 43. Rg1 Rc2 44. Rg2 Ng4 45. Qe1 Ne3 46. Qxe3 Rc1+ 47. Rg1 1-0

[Event "UZB-ch Women 2021"]
[Site "Tashkent"]
[Date "2021.04.26"]
[Round "10.2"]
[White "Malikova, Marjona"]
[Black "Shokirjonova, Barchinoy"]
[Result "1/2-1/2"]
[ECO "D85"]
[WhiteElo "1651"]
[BlackElo "1594"]
[Annotator "NA RC"]
[PlyCount "106"]
[EventDate "2021.04.17"]
[EventType "tourn"]
[EventCountry "UZB"]
[SourceTitle "playchess.com"]
[Source "ChessBase"]
[SourceQuality "1"]
[TimeControl "5400+30"]

1. d4 Nf6 2. c4 g6 3. Nc3 d5 4. cxd5 Nxd5 5. Bd2 Bg7 6. e4 Nxc3 7. Bxc3 c5 8. d5 Bxc3+ 9. bxc3 Nd7 10. Bd3 Qa5 11. Ne2 b5 12. O-O Ne5 13. f4 Nxd3 14. Qxd3 Bb7 15. Rab1 a6 16. c4 b4 17. a3 Rc8 18. axb4 cxb4 19. Qd4 O-O 20. Rb3 Qa4 21. Rfb1 a5 22. Nc1 Ba6 23. c5 Qb5 24. Nd3 Qc4 25. Qe3 f6 26. c6 a4 27. Rxb4 Qxd3 28. Qxd3 Bxd3 29. Rc1 f5 30. exf5 gxf5 31. Rxa4 Rfd8 32. Rc5 Be4 33. Raa5 Rd6 34. Rab5 Kf7 35. Kf2 Ke8 36. h3 e6 37. dxe6 Rdxc6 38. Rxc6 Rxc6 39. g4 Bd3 40. Re5 fxg4 41. hxg4 Ke7 42. f5 Bc4 43. Ke3 Bxe6 44. Kf4 Kf7 45. fxe6+ Rxe6 46. Ra5 Kg6 47. Rg5+ Kf6 48. Rf5+ Kg6 49. Rg5+ Kf6 50. Ra5 Kg6 51. Kg3 Re1 52. Kf2 Re4 53. Kf3 Re1 1/2-1/2

[Event "UZB-ch Women 2021"]
[Site "Tashkent"]
[Date "2021.04.26"]
[Round "10.4"]
[White "Omonova, Umida"]
[Black "Semenova, Irina"]
[Result "1/2-1/2"]
[ECO "B18"]
[WhiteElo "2008"]
[BlackElo "2188"]
[Annotator "NA"]
[PlyCount "47"]
[EventDate "2021.04.17"]
[EventType "tourn"]
[EventCountry "UZB"]
[SourceTitle "playchess.com"]
[Source "ChessBase"]
[SourceQuality "1"]
[TimeControl "5400+30"]

1. e4 c6 2. d4 d5 3. Nd2 dxe4 4. Nxe4 Bf5 5. Ng3 Bg6 6. Nf3 Nd7 7. Bd3 e6 8. O-O Ngf6 9. Re1 Be7 10. c4 O-O 11. Bxg6 hxg6 12. b3 a5 13. a4 c5 14. Bb2 cxd4 15. Nxd4 Nc5 16. Qf3 Nh7 17. Rad1 Qb6 18. Nb5 Rfd8 19. Bd4 Qc6 20. Qe3 Nf6 21. h3 Rd7 22. Rd2 b6 23. Red1 Rad8 24. Bxc5 1/2-1/2

[Event "UZB-ch Women 2021"]
[Site "Tashkent"]
[Date "2021.04.27"]
[Round "11.3"]
[White "Salimova, Asal"]
[Black "Malikova, Marjona"]
[Result "1-0"]
[ECO "D02"]
[WhiteElo "1815"]
[BlackElo "1651"]
[Annotator "NA"]
[PlyCount "81"]
[EventDate "2021.04.17"]
[EventType "tourn"]
[EventCountry "UZB"]
[SourceTitle "playchess.com"]
[Source "ChessBase"]
[SourceQuality "1"]
[TimeControl "5400+30"]

1. d4 Nf6 2. Nf3 d5 3. Bf4 e6 4. e3 Bd6 5. Bg3 Ne4 6. Bd3 f5 7. Ne5 Nxg3 8. hxg3 Bxe5 9. dxe5 Qg5 10. Nd2 c5 11. Rh5 Qe7 12. g4 g6 13. Rh2 Nc6 14. f4 Bd7 15. g5 c4 16. Be2 Qc5 17. Rh3 b5 18. c3 b4 19. g4 bxc3 20. bxc3 Rb8 21. Rb1 O-O 22. gxf5 exf5 23. Kf2 Be6 24. Rh6 Rxb1 25. Qxb1 Nxe5 26. fxe5 f4 27. Rxg6+ hxg6 28. Qxg6+ Kh8 29. Qh6+ Kg8 30. Qxe6+ Kh8 31. Qh6+ Kg8 32. g6 fxe3+ 33. Kg3 Qe7 34. Nxc4 Rf2 35. Bf3 Qg7 36. Bxd5+ Kf8 37. Qxg7+ Kxg7 38. Nxe3 Rf8 39. Bf7 Rc8 40. Nf5+ Kf8 41. g7+ 1-0